 Dungeon Crawl Stone Soup version 0.26.1-11-gd32895ea62 (webtiles) character file.

Game seed: 1265958142376467796

21857 McKennaii the Thaumaturge (level 12, -6/85 HPs)
             Began as a Pale Draconian Conjurer on May 19, 2021.
             Was a High Priest of Makhleb.
             Mangled by a manticore (18 damage)
             ... on level 12 of the Dungeon.
             The game lasted 00:42:08 (24186 turns).

McKennaii the Thaumaturge (DrCj)                   Turns: 24186, Time: 00:42:08

Health: -6/85      AC: 18    Str:  9    XL:     12   Next: 57%
Magic:  2/29       EV: 13    Int: 24    God:    Makhleb [*****.]
Gold:   641        SH:  0    Dex: 10    Spells: 28/37 levels left

rFire    . . .     SeeInvis .   (no weapon)
rCold    . . .     Faith    .   (no shield)
rNeg     . . .     Spirit   .   (armour unavailable)
rPois    .         Reflect  .   l - +1 hat
rElec    .         Harm     .   d - +0 cloak
rCorr    .         Rampage  .   E - +0 pair of gloves
Will     +....                  I - +2 pair of boots
Stlth    ++........             (no amulet)
HPRegen  0.24/turn              z - +4 ring of protection
MPRegen  0.21/turn              A - ring of willpower

@: short of breath
A: breathe steam, unfitting armour, cold-blooded, AC +8
a: Breathe Steam, Renounce Religion, Minor Destruction, Lesser Servant of
Makhleb, Major Destruction, Greater Servant of Makhleb


You were on level 12 of the Dungeon.
You worshipped Makhleb.
Makhleb was extremely pleased with you.
You visited 2 branches of the dungeon, and saw 13 of its levels.
You also visited: Sewer.

You collected 641 gold pieces.

Inventory:

Armour
 d - a +0 cloak (worn)
 l - a +1 hat (worn)
 E - a +0 pair of gloves (worn)
 I - a +2 pair of boots (worn)
Magical Staves
 F - an uncursed staff of earth
Jewellery
 z - a +4 ring of protection (left hand)
 A - a ring of willpower (right hand)
 G - a +6 ring of strength
Wands
 m - a wand of polymorph (9)
 t - a wand of iceblast (2)
 H - a wand of paralysis (10)
 J - a wand of enslavement (8)
 L - a wand of acid (9)
Scrolls
 b - 7 scrolls of teleportation
 c - 3 scrolls of remove curse
 f - 3 scrolls of noise {unknown}
 g - 4 scrolls of identify
 h - 5 scrolls of enchant armour {unknown}
 i - 3 scrolls of fog {unknown}
 k - 2 scrolls of magic mapping {unknown}
 o - a scroll of random uselessness {unknown}
 p - 2 scrolls of fear {unknown}
 r - 2 scrolls of blinking {unknown}
 w - 3 scrolls of amnesia {unknown}
 x - 2 scrolls of enchant weapon {unknown}
 y - a scroll of holy word {unknown}
 C - a scroll of silence {unknown}
 K - a scroll of immolation {unknown}
Potions
 a - 3 potions of cancellation
 e - 3 potions of might
 j - a potion of mutation
 n - 2 potions of invisibility
 q - a potion of berserk rage
 s - 2 potions of curing {unknown}
 u - 3 potions of heal wounds
 v - 3 potions of magic
 B - 2 potions of attraction
 D - 2 potions of brilliance {unknown}
 M - a potion of haste


   Skills:
 + Level 2.2 Fighting
 + Level 4.2 Dodging
 + Level 3.6 Stealth
 * Level 13.4 Spellcasting
 + Level 12.3 Conjurations
 + Level 4.8 Summonings
 + Level 2.3 Translocations
 + Level 5.2 Air Magic
 + Level 0.2 Invocations


You had 28 spell levels left.
You knew the following spells:

 Your Spells              Type           Power        Failure   Level
a - Magic Dart            Conj           100%         1%          1
b - Iskenderun's Mystic   Conj/Tloc      50%          1%          4
c - Summon Lightning Spi  Summ/Air       40%          4%          4

Your spell library contained the following spells:

 Spells                   Type           Power        Failure   Level
 Summon Small Mammal      Summ           100%         1%          1
 Call Imp                 Summ           39%          1%          2
 Searing Ray              Conj           100%         1%          2
 Call Canine Familiar     Summ           39%          1%          3
 Dazzling Flash           Conj/Hex       90%          1%          3
 Corona                   Hex            17%          3%          1
 Freeze                   Ice            64%          3%          1
 Fulminant Prism          Conj/Hex       22%          3%          4
 Hailstorm                Conj/Ice       45%          3%          4
 Summon Guardian Golem    Hex/Summ       27%          4%          3
 Ensorcelled Hibernation  Hex/Ice        32%          5%          2
 Confusing Touch          Hex            16%          11%         3
 Frozen Ramparts          Ice            32%          11%         3
 Ozocubu's Armour         Ice            16%          11%         3
 Tukima's Dance           Hex            16%          11%         3
 Summon Ice Beast         Ice/Summ       27%          14%         4


Dungeon Overview and Level Annotations

Branches:
Dungeon (12/15)            Temple (1/1) D:5            Lair (0/6) D:10
    Orc (0/2) D:11          Sewer (visited)

Altars:
Cheibriados
Elyvilon
Gozag
Makhleb
Okawaru
Qazlal
Sif Muna
Trog
Vehumet
Wu Jian


Innate Abilities, Weirdness & Mutations

You can breathe blasts of scalding, opaque steam.
Your pale cyan-grey scales are hard. (AC +8)
You cannot fit into any form of body armour.
You are cold-blooded and may be slowed by cold attacks.


Message History

Casting: Magic Dart (safe; 1% risk of failure)
Confirm with . or Enter, or press ? or * to list all spells.
Aiming: Magic Dart (safe; 1% risk of failure)
Press: ? - help, Shift-Dir - straight line, f - manticore
Aim: a manticore (heavily wounded, 0% to evade)
The magic dart hits the manticore.
The manticore is heavily wounded.
The manticore bites you!
* * * LOW HITPOINT WARNING * * *
The manticore claws you!
* * * LOW HITPOINT WARNING * * *
The manticore claws you but does no damage.
Unknown command.
Unknown command.
Casting: Magic Dart (safe; 1% risk of failure)
Confirm with . or Enter, or press ? or * to list all spells.
An electric hum fills the air.
Your lightning spire disappears in a puff of smoke!
The manticore bites you!!
You die...

### ...## ....# ###
#.#.# #>#
#.#.######.####### #
#.#..)e..(H.......
.###.
#.#.#.####.#######
......#<#.†..#@§.§.#
#....He...#§H§§.#
(............#..8..#
.###+###..#e.....>.#
##.###...†..#
##........## #
###'###..# ..
.....#..######## .##
#..#..........


You could see a manticore and a friendly lightning spire (summoned).

Vanquished Creatures
  2 hydras (D:12)
  An ogre mage (D:12)
  2 death yaks (D:9)
  A two-headed ogre (D:6)
  A queen ant (D:9)
  2 cyclopes
  2 manticores (D:11)
  Psyche (D:8)
  A hornet (D:10)
  3 slime creatures (D:10)
  Sigmund (D:2)
  3 wyverns
  17 yaks
  A vampire (D:11)
  2 water moccasins
  17 soldier ants
  Duvessa (D:5)
  2 orc warriors
  3 ice beasts
  A hornet zombie (D:10)
  2 sky beasts
  3 black bears
  3 ogres
  8 centaurs
  3 big kobolds
  10 bullfrogs
  A wyvern zombie (D:8)
  3 scorpions
  A wyvern skeleton (D:8)
  4 jellies
  Dowan (D:5)
  23 wights
  4 killer bees (D:8)
  A howler monkey (D:7)
  A lava snake (D:8)
  2 bullfrog zombies
  5 hounds
  2 quasits
  Crazy Yiuf (D:2)
  2 bullfrog skeletons
  9 orc priests
  7 orc wizards
  4 iguanas
  Ijyb (D:3)
  Natasha (thrice) (D:3)
  45 worker ants
  A hound zombie (D:7)
  2 hound skeletons
  Robin (D:2)
  A howler monkey zombie (D:6)
  2 worker ant zombies
  4 gnolls (D:7)
  17 adders
  2 shadow imps
  3 white imps
  3 ufetubi
  An ooze (D:3)
  2 adder zombies
  3 adder skeletons
  5 worms
  2 dart slugs (D:1)
  8 leopard geckos
  60 orcs
  4 ball pythons
  4 giant cockroaches
  7 hobgoblins
  13 jackals
  28 kobolds
  6 quokkas
  9 bats
  9 frilled lizards
  13 goblins
  A jackal skeleton (D:4)
  3 leopard gecko skeletons
  3 quokka skeletons
  5 rats
435 creatures vanquished.

Vanquished Creatures (collateral kills)
  5 death yaks (D:9)
  A deep elf mage (D:12)
  A slime creature (D:10)
  A troll (D:10)
  3 yaks
  An orc warrior (D:10)
  A centaur zombie (D:10)
  An orc priest (D:10)
  2 worker ants
  2 orcs
  2 kobolds (D:10)
20 creatures vanquished.

Vanquished Creatures (others)
  2 fungi (D:2)
  11 plants
13 creatures vanquished.

Grand Total: 468 creatures vanquished

Notes
Turn   | Place    | Note
-------+----------+-------------------------------------------
     0 | D:1      | McKennaii the Draconian Conjurer began the quest for the
                  | Orb.
     0 | D:1      | Reached XP level 1. HP: 14/14 MP: 3/3
   496 | D:1      | Reached XP level 2. HP: 12/20 MP: 0/5
  1527 | D:1      | Reached XP level 3. HP: 11/26 MP: 0/6
  1893 | D:2      | Reached skill level 5 in Conjurations
  2198 | D:2      | Reached XP level 4. HP: 33/33 MP: 4/8
  2303 | D:2      | Noticed Sigmund
  2344 | D:2      | Killed Sigmund
  2345 | D:2      | Reached skill level 3 in Spellcasting
  2345 | D:2      | Reached XP level 5. HP: 36/38 MP: 0/10
  2438 | D:2      | Noticed Robin
  2744 | D:2      | Killed Robin
  2745 | D:2      | Reached skill level 4 in Spellcasting
  3041 | D:2      | Found a runed translucent door.
  3042 | D:2      | Noticed Crazy Yiuf
  3081 | D:3      | Reached XP level 6. HP: 43/45 MP: 6/12
  3510 | D:3      | Noticed Ijyb
  3523 | D:3      | Paralysed by Ijyb for 4 turns
  3530 | D:3      | Paralysed by Ijyb for 7 turns
  3542 | D:3      | Paralysed by Ijyb for 6 turns
  3552 | D:3      | Killed Ijyb
  3681 | D:3      | Noticed Natasha
  3685 | D:3      | Killed Natasha
  3999 | D:3      | Noticed Natasha
  4009 | D:3      | Killed Natasha
  4125 | D:3      | Noticed Natasha
  4131 | D:3      | Killed Natasha
  4425 | D:4      | Found a glowing drain.
  4580 | Sewer    | Entered a sewer
  5480 | D:4      | Reached skill level 5 in Spellcasting
  5480 | D:4      | Your scales start taking on a pale cyan-grey colour.
  5480 | D:4      | Reached XP level 7. HP: 51/51 MP: 9/14
  6082 | D:4      | Found an opulent altar of Gozag.
  6328 | D:2      | Killed Crazy Yiuf
  6417 | D:5      | Entered Level 5 of the Dungeon
  6561 | D:5      | Noticed Dowan
  6580 | D:5      | Reached skill level 1 in Fighting
  6581 | D:5      | Killed Dowan
  6776 | D:5      | Reached skill level 6 in Spellcasting
  7028 | D:5      | Reached XP level 8. HP: 44/59 MP: 5/17
  7223 | D:5      | Found a bloodstained altar of Trog.
  7405 | D:5      | Found a staircase to the Ecumenical Temple.
  7480 | D:5      | Noticed Duvessa
  7513 | D:5      | Killed Duvessa
  7773 | Temple   | Entered the Ecumenical Temple
  7875 | Temple   | Became a worshipper of Makhleb the Destroyer
  8065 | D:6      | Noticed a two-headed ogre
  8101 | D:6      | Killed a two-headed ogre
  8102 | D:6      | Reached skill level 7 in Spellcasting
  8113 | D:6      | Reached XP level 9. HP: 9/64 MP: 6/20
  8429 | D:6      | Learned a level 4 spell: Iskenderun's Mystic Blast
  9164 | D:6      | Reached skill level 8 in Spellcasting
  9762 | D:7      | Reached * piety under Makhleb
 11316 | D:8      | Noticed Psyche
 11338 | D:8      | Killed Psyche
 11339 | D:8      | Reached skill level 9 in Spellcasting
 11342 | D:8      | Reached skill level 10 in Conjurations
 11579 | D:8      | Reached ** piety under Makhleb
 11744 | D:8      | Reached XP level 10. HP: 73/73 MP: 13/23
 13505 | D:9      | Learned a level 4 spell: Summon Lightning Spire
 13547 | D:9      | Reached skill level 10 in Spellcasting
 14053 | D:9      | Reached skill level 1 in Air Magic
 14706 | D:9      | Noticed a queen ant
 14745 | D:9      | Killed a queen ant
 14746 | D:9      | Reached skill level 1 in Summonings
 15201 | D:9      | Reached skill level 1 in Translocations
 15395 | D:9      | Reached *** piety under Makhleb
 16149 | D:9      | Reached XP level 11. HP: 69/79 MP: 15/25
 16274 | D:9      | Reached skill level 11 in Spellcasting
 17309 | D:10     | Entered Level 10 of the Dungeon
 17509 | D:10     | Noticed a death yak
 17509 | D:10     | Noticed a death yak
 17509 | D:10     | Noticed a death yak
 17509 | D:10     | Noticed a death yak
 17509 | D:10     | Noticed a death yak
 17516 | D:10     | Noticed a death yak
 17516 | D:10     | Noticed a death yak
 17631 | D:9      | Killed a death yak
 17645 | D:9      | Killed a death yak
 17651 | D:9      | Killed a death yak
 17854 | D:9      | Reached **** piety under Makhleb
 18370 | D:9      | Killed a death yak
 18507 | D:9      | Killed a death yak
 18673 | D:9      | Killed a death yak
 18849 | D:9      | Killed a death yak
 18850 | D:9      | Reached skill level 12 in Spellcasting
 18962 | D:10     | Found a staircase to the Lair.
 19640 | D:10     | Reached skill level 5 in Air Magic
 21255 | D:11     | Found a staircase to the Orcish Mines.
 21815 | D:11     | Reached XP level 12. HP: 61/85 MP: 14/28
 22228 | D:11     | Reached ***** piety under Makhleb
 23381 | D:11     | Reached skill level 13 in Spellcasting
 24061 | D:12     | Noticed an ogre mage
 24065 | D:12     | Killed an ogre mage
 24067 | D:12     | Noticed a seven-headed hydra
 24083 | D:12     | Killed a seven-headed hydra
 24127 | D:12     | Noticed a six-headed hydra
 24148 | D:12     | Killed a six-headed hydra
 24186 | D:12     | Mangled by a manticore

Illustrated notes

Levels and vault maps discovered:
D:1:      roderic_dead_forest, layout_loops_ring, serial_co_window_serial,
          co_window_paths_b, co_window_corner_a, co_window_paths_b,
          co_window_corner_a, co_window_paths_b, co_window_paths_b,
          co_window_paths_c, co_window_2corner, co_window_broadway_a,
          co_window_2corner, co_window_paths_d, glass_columns_b,
          glass_columns_a, serial_bayou_pond_a
D:2:      layout_rooms, uniq_sigmund, uniq_robin, uniq_crazy_yiuf_cottage
D:3:      layout_loops_ring, uniq_natasha, uniq_ijyb
D:4:      layout_basic, kennysheep_mini, gup_sewer_entry_glass
D:5:      layout_loops_ring, temple_green, basic_altar, uniq_duvessa
D:6:      layout_basic, serial_bayou_crossing
D:7:      layout_basic
D:8:      layout_loops_ring, kennysheep_opposing_triangles, uniq_psyche
D:9:      layout_irregular_city, zaba_anthell
D:10:     layout_layer_cave, dpeg_lair_monsters
D:11:     layout_layer_cave, hiddenorc2_lemuel
D:12:     minmay_the_grid_octo_tiled_squarecenter_mashed
          [minmay_the_grid_octo_clover, minmay_the_grid_octo_shrine,
          minmay_the_grid_octo_tetromino_candy, minmay_the_grid_octo_pinwheel,
          minmay_the_grid_square_5x5_megaprize_crossed,
          minmay_the_grid_square_5x5_inner_i,
          minmay_the_grid_square_5x5_misaligned,
          minmay_the_grid_square_5x5_eight,
          minmay_the_grid_square_5x5_minivault], layout_basic, uniq_rupert
Temple:   roderic_octagonal_lattice_temple

Skill      XL: |  1  2  3  4  5  6  7  8  9 10 11 12 |
---------------+-------------------------------------+-----
Conjurations   | 5 6 7 8 10 11 12 | 12.3
Dodging        | 2 3 4 |  4.2
Spellcasting   | 3 4 5 6 7 9 10 12 13 | 13.4
Stealth        | 2 3 |  3.6
Fighting       | 1 2 |  2.2
Air Magic      | 3 5 |  5.2
Summonings     | 2 4 |  4.8
Translocations | 1 2 |  2.3
Invocations    | |  0.2

Action                   |  1- 3 |  4- 6 |  7- 9 | 10-12 || total
-------------------------+-------+-------+-------+-------++-------
Melee: Unarmed           |    21 |    23 |    41 |    46 ||   131
       Tailslap          |       |     3 |     6 |     3 ||    12
 Cast: Magic Dart        |    77 |   184 |   395 |  1018 ||  1674
       Iskenderun's Myst |       |       |     4 |    67 ||    71
       Summon Lightning  |       |       |       |    37 ||    37
Invok: Lesser Servant of |       |       |       |     1 ||     1
 Abil: Breathe Steam     |       |       |    15 |    75 ||    90
  Use: Scroll            |       |     7 |     7 |     1 ||    15
       Potion            |       |       |     2 |       ||     2
Armor: Skin              |    11 |    30 |    95 |   213 ||   349
Dodge: Dodged            |    21 |    34 |   147 |   312 ||   514
